 Dungeon Crawl Stone Soup version 0.28.0-53-g5a82cb258f (webtiles) character file.

Game seed: 3273550816966865077

7654 Kranky the Protected (level 11, -13/85 HPs)
             Began as a Gnoll Wanderer on June 18, 2022.
             Mangled by a white ugly thing (31 damage)
             ... on level 8 of the Dungeon on June 19, 2022.
             The game lasted 00:32:49 (14159 turns).

Kranky the Protected (Gnoll Wanderer)              Turns: 14159, Time: 00:32:50

Health: -13/85     AC: 11    Str: 26    XL:     11   Next: 18%
Magic:  20/20      EV:  9    Int:  9    God:
Gold:   1250       SH: 19    Dex: 10    Spells: 22/22 levels left

rFire   . . .      SeeInvis .   J - +2 short sword (drain)
rCold   . . .      Faith    .   j - +1 tower shield
rNeg    . . .      Spirit   .   h - +0 ring mail
rPois   .          Reflect  +   d - +0 helmet
rElec   .          Harm     .   (no cloak)
rCorr   .          Rampage  .   n - +2 pair of gloves
Will    .....                   (no boots)
Stlth   ++........              B - amulet of reflection
HPRegen 0.24/turn               y - +6 ring of strength
MPRegen 0.17/turn               (no ring)

@: no status effects
A: fangs 1, strong nose, distributed training
a: no special abilities


You were on level 8 of the Dungeon.
You visited 2 branches of the dungeon, and saw 10 of its levels.
You also visited: Bailey.

You collected 1250 gold pieces.

Inventory:

Hand Weapons
 r - a +4 spear of freezing
 J - a +2 short sword of draining (weapon)
 K - a +0 war axe of flaming
Missiles
 c - 80 sling bullets
 e - 4 curare-tipped darts
 g - 310 stones (quivered)
 x - 11 poisoned darts
Armour
 d - a +0 helmet (worn)
 h - a +0 ring mail (worn)
 j - a +1 tower shield (worn)
 n - a +2 pair of gloves (worn)
 C - a +4 plate armour
Jewellery
 y - a +6 ring of strength (left hand)
 B - an amulet of reflection (around neck)
 F - a +4 ring of evasion
 N - a ring of flight
Wands
 a - a wand of flame (5)
 t - a wand of polymorph (9)
 u - a wand of iceblast (4)
 E - a wand of paralysis (3)
Scrolls
 b - a scroll of brand weapon {unknown}
 k - 3 scrolls of fog
 l - a scroll of identify
 m - a scroll of enchant armour
 q - a scroll of holy word {unknown}
 s - 2 scrolls of teleportation
 D - a scroll of fear {unknown}
 H - a scroll of amnesia {unknown}
 I - a scroll of acquirement {unknown}
 M - a scroll of magic mapping {unknown}
Potions
 f - 2 potions of magic
 i - 5 potions of flight
 o - 4 potions of haste
 p - a potion of invisibility {unknown}
 v - a potion of ambrosia {unknown}
 A - 3 potions of heal wounds
 G - a potion of might
Miscellaneous
 O - a phial of floods


   Skills:
 + Level 7.7 Fighting
 + Level 6.0 Short Blades
 + Level 6.0 Long Blades
 + Level 6.0 Axes
 + Level 6.0 Maces & Flails
 + Level 7.7 Polearms
 + Level 6.0 Staves
 + Level 7.7 Slings
 + Level 6.0 Bows
 + Level 6.0 Crossbows
 + Level 6.0 Throwing
 + Level 9.0 Armour
 + Level 6.6 Dodging
 + Level 6.0 Stealth
 + Level 6.0 Shields
 + Level 6.0 Unarmed Combat
 + Level 6.0 Spellcasting
 + Level 5.0 Conjurations
 + Level 5.0 Hexes
 + Level 5.0 Summonings
 + Level 5.0 Necromancy
 + Level 5.0 Translocations
 + Level 5.0 Transmutations
 + Level 5.0 Fire Magic
 + Level 5.0 Ice Magic
 + Level 5.0 Air Magic
 + Level 5.0 Earth Magic
 + Level 5.0 Poison Magic
 + Level 6.6 Invocations
 + Level 6.0 Evocations


You had 22 spell levels left.
You didn't know any spells.
Your spell library contained the following spells:

 Spells                   Type           Power      Damage    Failure   Level
 Magic Dart               Conj           44%        1d5       36%         1
 Searing Ray              Conj           22%        2d5       50%         2
 Fulminant Prism          Conj/Hex       5%         3d7       98%         4


Dungeon Overview and Level Annotations

Branches:
Dungeon (9/15)             Temple (1/1) D:4             Orc (0/2) D:9
 Bailey (visited)
   Lair: D:8-11

Altars:
Ashenzari
Cheibriados
Dithmenos
Elyvilon
Fedhas
Gozag
Hepliaklqana
Kikubaaqudgha
Makhleb
Nemelex Xobeh
Okawaru
Qazlal
Ru
Sif Muna
Trog
Uskayaw
Vehumet
Wu Jian
Xom
Yredelemnul
Zin
The Shining One

Shops:
D:5 [

Annotations:
D:2 1 runed translucent door, Crazy Yiuf


Innate Abilities, Weirdness & Mutations

You have very sharp teeth.
Your uncanny sense of smell can sniff out nearby items.
Your experience applies equally to all skills.


Message History

There is a stone staircase leading down here.
You start resting.
HP restored.
You climb downwards.
There is a stone staircase leading up, spattered with blood here.
The white ugly thing engulfs you. The white ugly thing freezes you!!
The deep elf pyromancer casts a spell.
Things that are here:
a +3 falchion; 3 boomerangs The deep elf pyromancer mumbles some strange words.
You block the white ugly thing's attack.
The deep elf pyromancer is engulfed in blazing flames.
The deep elf pyromancer is engulfed in blazing flames.
The deep elf pyromancer is engulfed in blazing flames.
The deep elf pyromancer is engulfed in blazing flames.
The deep elf pyromancer is engulfed in blazing flames.
The deep elf pyromancer is engulfed in blazing flames.
The deep elf pyromancer casts a spell.
The deep elf pyromancer blinks!
You block the white ugly thing's attack.
There is an open door here.
There is a stone staircase leading down here.
There is an open door here.
There is an open door here.
You block the white ugly thing's attack.
There is an escape hatch in the ceiling here.
The white ugly thing engulfs you but does no damage.
A mysterious force pulls you upwards. The hatch slams shut behind you.
You puncture the white ugly thing!
The white ugly thing is lightly wounded.
The white ugly thing engulfs you! The white ugly thing freezes you!!
* * * LOW HITPOINT WARNING * * *
Aiming: Paralyse
Press: ? - help, Shift-Dir - straight line, f - white ugly thing
Aim: a white ugly thing (lightly wounded, chance to affect: 47%)
The white ugly thing resists with some effort.
The white ugly thing engulfs you.
* * * LOW HITPOINT WARNING * * *
The white ugly thing freezes you!!
You die...

..#.#.#.# #...#
#.#.#.#.# #...#
#.#.#.#.########...#
#.#.#.#............#
#.#.#.#..........###
#.#.#.#..........#
#...#.......#.#..#
....#............######
..........#.#.#u@<#...#
..#########.....#.#.#.#
....# ###..##.#.#.##
....# #..##.#.#..# ....#
#######.....#
....########.....#.....#
...#.........###.#.....#
...#..........##.#....##
...#..........##.#######


You could see a white ugly thing.

Vanquished Creatures
  A two-headed ogre (D:8)
  3 orc knights (Bailey)
  An efreet (D:8)
  A troll (D:9)
  Sigmund (D:4)
  A wyvern (D:9)
  5 yaks
  A steam dragon (D:8)
  A water moccasin (D:7)
  Duvessa (D:7)
  11 orc warriors
  An ice beast (D:6)
  A sky beast (D:5)
  A black bear (D:3)
  4 ogres
  3 necrophages
  2 centaurs
  4 kobold brigands (D:9)
  A gnoll sergeant (D:9)
  A bullfrog (D:8)
  3 jellies
  Dowan (D:7)
  A water moccasin skeleton (D:6)
  6 killer bees (D:8)
  5 wights (D:8)
  2 centaur zombies
  2 hounds
  A centaur skeleton (D:6)
  An orc priest (D:8)
  A bullfrog skeleton (D:6)
  Jessica (D:3)
  An iguana (D:6)
  Ijyb (D:3)
  Terence (D:2)
  6 orc wizards
  A howler monkey zombie (D:6)
  4 gnolls
  7 adders
  A howler monkey skeleton (D:7)
  A shadow imp (D:7)
  3 ufetubi
  An adder skeleton (D:4)
  2 worms
  5 dart slugs
  38 orcs
  4 ball pythons
  6 bats
  6 endoplasms
  A giant cockroach (D:3)
  10 goblins
  9 hobgoblins
  3 jackals (D:1)
  16 kobolds
  6 quokkas
  2 frilled lizards (D:1)
  7 rats
211 creatures vanquished.

Vanquished Creatures (others)
  2 kobold brigands (D:9)
  2 gnoll sergeants (D:9)
  An orc (D:9)
5 creatures vanquished.

Grand Total: 216 creatures vanquished

Notes
Turn   | Place    | Note
-------+----------+-------------------------------------------
     0 | D:1      | Kranky the Gnoll Wanderer began the quest for the Orb.
     0 | D:1      | Kranky set off with the following items: a +2 spear, a +0
                  | hunting sling, 20 sling bullets, a +0 helmet, a +0 leather
                  | armour
     0 | D:1      | Reached XP level 1. HP: 20/20 MP: 1/1
    62 | D:1      | Reached XP level 2. HP: 26/26 MP: 2/2
   499 | D:2      | Reached XP level 3. HP: 25/31 MP: 3/3
   917 | D:2      | Noticed Terence
   934 | D:2      | Killed Terence
   935 | D:2      | Reached skill level 1 in Short Blades
   935 | D:2      | Reached skill level 1 in Long Blades
   935 | D:2      | Reached skill level 1 in Axes
   935 | D:2      | Reached skill level 1 in Maces & Flails
   935 | D:2      | Reached skill level 1 in Staves
   935 | D:2      | Reached skill level 1 in Bows
   935 | D:2      | Reached skill level 1 in Crossbows
   935 | D:2      | Reached skill level 1 in Throwing
   935 | D:2      | Reached skill level 1 in Stealth
   935 | D:2      | Reached skill level 1 in Shields
   935 | D:2      | Reached skill level 1 in Unarmed Combat
   935 | D:2      | Reached skill level 1 in Spellcasting
   935 | D:2      | Reached skill level 1 in Invocations
   935 | D:2      | Reached skill level 1 in Evocations
   935 | D:2      | Reached XP level 4. HP: 30/38 MP: 5/5
  1527 | D:2      | Reached skill level 1 in Conjurations
  1527 | D:2      | Reached skill level 1 in Hexes
  1527 | D:2      | Reached skill level 1 in Summonings
  1527 | D:2      | Reached skill level 1 in Necromancy
  1527 | D:2      | Reached skill level 1 in Translocations
  1527 | D:2      | Reached skill level 1 in Transmutations
  1527 | D:2      | Reached skill level 1 in Fire Magic
  1527 | D:2      | Reached skill level 1 in Ice Magic
  1527 | D:2      | Reached skill level 1 in Air Magic
  1527 | D:2      | Reached skill level 1 in Earth Magic
  1527 | D:2      | Reached skill level 1 in Poison Magic
  1611 | D:2      | Found a runed translucent door.
  1612 | D:2      | Noticed Crazy Yiuf
  1770 | D:3      | Reached XP level 5. HP: 35/43 MP: 6/6
  1804 | D:3      | Found a shimmering blue altar of Sif Muna.
  1883 | D:3      | Noticed Ijyb
  1900 | D:3      | Killed Ijyb
  2138 | D:3      | Found a shimmering altar of Xom.
  2154 | D:3      | Noticed Jessica
  2163 | D:3      | Killed Jessica
  2364 | D:3      | Found a radiant altar of Vehumet.
  2493 | D:3      | Found a sparkling altar of Nemelex Xobeh.
  2505 | D:3      | Found a faded altar of an unknown god.
  2618 | D:3      | Found a white marble altar of Elyvilon.
  2627 | D:3      | Found a hazy altar of Hepliaklqana.
  2631 | D:3      | Found a bloodstained altar of Trog.
  2703 | D:3      | Noticed a black bear
  2734 | D:3      | Killed a black bear
  2735 | D:3      | Reached skill level 5 in Fighting
  2735 | D:3      | Reached skill level 5 in Polearms
  2735 | D:3      | Reached skill level 5 in Slings
  2735 | D:3      | Reached XP level 6. HP: 20/51 MP: 8/8
  3223 | D:4      | Noticed Sigmund
  3286 | D:4      | Found a broken altar of Ashenzari.
  3539 | D:4      | Found a staircase to the Ecumenical Temple.
  3588 | Temple   | Entered the Ecumenical Temple
  4244 | D:4      | Killed Sigmund
  4245 | D:4      | Reached skill level 7 in Armour
  4245 | D:4      | Reached XP level 7. HP: 41/56 MP: 10/10
  4363 | D:5      | Entered Level 5 of the Dungeon
  4456 | D:5      | Noticed a yak
  4456 | D:5      | Noticed a yak
  4456 | D:5      | Noticed a yak
  4456 | D:5      | Noticed a yak
  4456 | D:5      | Noticed a yak
  4480 | D:5      | Killed a yak
  4719 | D:4      | Killed a yak
  4976 | D:4      | Killed a yak
  4977 | D:4      | Reached XP level 8. HP: 44/63 MP: 12/12
  5087 | D:4      | Killed a yak
  5176 | D:4      | Killed a yak
  5297 | D:5      | Found a burning altar of Makhleb.
  5488 | D:5      | Noticed a torpor snail
  5635 | D:5      | Found a snail-covered altar of Cheibriados.
  5698 | D:5      | Found Veosid's Armour Boutique.
  6244 | D:6      | Reached XP level 9. HP: 39/69 MP: 14/14
  7558 | D:6      | Reached skill level 5 in Dodging
  7976 | D:7      | Noticed Dowan
  7977 | D:7      | Noticed Duvessa
  8056 | D:7      | Killed Duvessa
  8066 | D:7      | Killed Dowan
  8160 | D:7      | Reached skill level 8 in Armour
  8642 | D:7      | Found an opulent altar of Gozag.
  8642 | D:7      | Found a blossoming altar of Fedhas.
  9312 | D:8      | Reached skill level 5 in Invocations
  9988 | D:8      | Reached XP level 10. HP: 58/74 MP: 17/17
 10401 | D:8      | Found a stormy altar of Qazlal.
 10937 | D:8      | Reached skill level 5 in Short Blades
 10937 | D:8      | Reached skill level 5 in Long Blades
 10937 | D:8      | Reached skill level 5 in Axes
 10937 | D:8      | Reached skill level 5 in Maces & Flails
 10937 | D:8      | Reached skill level 5 in Staves
 10937 | D:8      | Reached skill level 5 in Bows
 10937 | D:8      | Reached skill level 5 in Crossbows
 10937 | D:8      | Reached skill level 5 in Throwing
 10937 | D:8      | Reached skill level 5 in Stealth
 10937 | D:8      | Reached skill level 5 in Shields
 10937 | D:8      | Reached skill level 5 in Unarmed Combat
 10937 | D:8      | Reached skill level 5 in Spellcasting
 10937 | D:8      | Reached skill level 5 in Evocations
 11052 | D:8      | Noticed a two-headed ogre
 11105 | D:8      | Killed a two-headed ogre
 12017 | D:9      | HP: 1/79 [ogre/+0 giant spiked club (22)]
 12183 | D:9      | Found a flagged portal.
 12205 | Bailey   | Entered a bailey
 12348 | Bailey   | Noticed an orc knight
 12348 | Bailey   | Noticed an orc knight
 12508 | Bailey   | Killed an orc knight
 12595 | Bailey   | Noticed an orc knight
 12719 | Bailey   | Killed an orc knight
 12723 | Bailey   | Killed an orc knight
 12724 | Bailey   | Reached XP level 11. HP: 49/84 MP: 19/19
 13246 | D:9      | Reached skill level 9 in Armour
 13269 | D:9      | Reached skill level 5 in Conjurations
 13269 | D:9      | Reached skill level 5 in Hexes
 13269 | D:9      | Reached skill level 5 in Summonings
 13269 | D:9      | Reached skill level 5 in Necromancy
 13269 | D:9      | Reached skill level 5 in Translocations
 13269 | D:9      | Reached skill level 5 in Transmutations
 13269 | D:9      | Reached skill level 5 in Fire Magic
 13269 | D:9      | Reached skill level 5 in Ice Magic
 13269 | D:9      | Reached skill level 5 in Air Magic
 13269 | D:9      | Reached skill level 5 in Earth Magic
 13269 | D:9      | Reached skill level 5 in Poison Magic
 13403 | D:9      | Found a staircase to the Orcish Mines.
 13599 | D:9      | Noticed a deep elf pyromancer
 13835 | D:9      | Noticed a white ugly thing
 14159 | D:8      | Mangled by a white ugly thing

Illustrated notes

Levels and vault maps discovered:
D:1:      tarquinn_simple_flora_water_a, layout_rooms
D:2:      layout_loops_corners, hangedman_abyss_or_decor_stabs,
          kennysheep_cross_room, minmay_pentomino_t2, uniq_crazy_yiuf_cottage,
          uniq_terence
D:3:      layout_loops_ring, nicolae_vehumet_altar_sigil,
          mainiacjoe_overflow_paths, nemelex_spade_bored_becter,
          mainiacjoe_overflow_six_doors_small, minmay_overflow_temple_star_quad,
          ebering_ecumenical_altar_sacrificial, minmay_randomly_rotated_circles,
          uniq_ijyb, uniq_jessica
D:4:      layout_rooms, mainiacjoe_overflow_catwalk, minmay_temple_entry_hall,
          uniq_sigmund
D:5:      layout_gridville, cheibriados_altar_2,
          mainiacjoe_overflow_surrounded_room, serial_shops, shop
D:6:      layout_basic, hangedman_decor_peaks_small
D:7:      layout_layer_cave, grunt_temple_overflow_open,
          minmay_misc_feat_secret_circle, uniq_duvessa
D:8:      layout_basic, nicolae_qazlal_eye_of_the_storm,
          serial_co_window_serial, co_window_paths_b, co_window_corner_a,
          co_window_paths_a, co_window_paths_b, co_window_of_opportunity_a,
          co_window_corner_a, co_window_corner_a, co_window_corner_a,
          co_window_cross_1, co_window_corner_b, co_window_broadway_a,
          co_window_broadway_b, co_window_broadway_c, co_window_corner_ca,
          co_window_of_opportunity_b, co_window_of_opportunity_b,
          co_window_paths_e, glass_columns_b, glass_columns_a
D:9:      layout_roguey, kennysheep_orc_monster_closet_entryway,
          gammafunk_ghost_necromancy, enter_bailey_2,
          dilly_guarded_unrand_elemental_staff
Temple:   nicolae_temple_figure_zero

Skill      XL: |  1  2  3  4  5  6  7  8  9 10 11 |
---------------+----------------------------------+-----
Short Blades   | 1 2 3 4 5 6 |  6.0
Long Blades    | 1 2 3 4 5 6 |  6.0
Axes           | 1 2 3 4 5 6 |  6.0
Maces & Flails | 1 2 3 4 5 6 |  6.0
Staves         | 1 2 3 4 5 6 |  6.0
Bows           | 1 2 3 4 5 6 |  6.0
Crossbows      | 1 2 3 4 5 6 |  6.0
Throwing       | 1 2 3 4 5 6 |  6.0
Stealth        | 1 2 3 4 5 6 |  6.0
Shields        | 1 2 3 4 5 6 |  6.0
Unarmed Combat | 1 2 3 4 5 6 |  6.0
Spellcasting   | 1 2 3 4 5 6 |  6.0
Invocations    | 1 2 3 4 5 6 |  6.6
Evocations     | 1 2 3 4 5 6 |  6.0
Conjurations   | 1 2 3 4 5 |  5.0
Hexes          | 1 2 3 4 5 |  5.0
Summonings     | 1 2 3 4 5 |  5.0
Necromancy     | 1 2 3 4 5 |  5.0
Translocations | 1 2 3 4 5 |  5.0
Transmutations | 1 2 3 4 5 |  5.0
Fire Magic     | 1 2 3 4 5 |  5.0
Ice Magic      | 1 2 3 4 5 |  5.0
Air Magic      | 1 2 3 4 5 |  5.0
Earth Magic    | 1 2 3 4 5 |  5.0
Poison Magic   | 1 2 3 4 5 |  5.0
Dodging        | 3 4 5 6 |  6.6
Fighting       | 5 6 7 |  7.7
Polearms       | 5 6 7 |  7.7
Slings         | 5 6 7 |  7.7
Armour         | 7 8 9 |  9.0

Action                   |  1- 3 |  4- 6 |  7- 9 | 10-12 || total
-------------------------+-------+-------+-------+-------++-------
Melee: Spear             |   101 |   255 |   297 |       ||   653
       Bite              |    11 |    18 |    71 |    40 ||   140
       Punch             |     1 |       |       |       ||     1
       Short sword       |       |       |   262 |   383 ||   645
Evoke: Wand              |       |       |       |     9 ||     9
  Use: Scroll            |       |       |       |    13 ||    13
       Potion            |       |       |       |     3 ||     3
 Stab: Sleeping          |       |       |     4 |       ||     4
       Paralysed         |       |       |       |    15 ||    15
Armor: Leather armour    |    17 |       |       |       ||    17
       Ring mail         |    25 |   130 |   153 |    91 ||   399
Dodge: Dodged            |    31 |    73 |    89 |   104 ||   297
Block: Tower shield      |    32 |   153 |   445 |   401 ||  1031
       Reflection        |       |     1 |     7 |    26 ||    34
